 Dungeon Crawl Stone Soup version 0.29-a0-307-gecccbbdb84 (webtiles) character file.

Game seed: 15584446179158595750

23 KristoblXynda the Slasher (level 2, -6/25 HPs)
             Began as a Draconian Gladiator on Mar 27, 2022.
             Mangled by a gnoll
             ... wielding a +0 whip
              (7 damage)
             ... on level 2 of the Dungeon.
             The game lasted 00:00:54 (936 turns).

KristoblXynda the Slasher (Draconian Gladiator)      Turns: 936, Time: 00:00:55

Health: -6/25      AC:  4    Str: 16    XL:     2   Next: 72%
Magic:  2/2        EV: 12    Int:  8    God:
Gold:   47         SH:  0    Dex: 12    Spells: 1/1 levels left

rFire   . . .      SeeInvis .   a - +0 long sword
rCold   . . .      Faith    .   (no shield)
rNeg    . . .      Spirit   .   (body armour unavailable)
rPois   .          Reflect  .   b - +0 hat
rElec   .          Harm     .   (no cloak)
rCorr   .          Rampage  .   (no gloves)
Will    .....                   (no boots)
Stlth   +.........              (no amulet)
HPRegen 0.08/turn               (no ring)
MPRegen 0.08/turn               (no ring)

@: no status effects
A: AC +4, unfitting armour, cold-blooded
a: no special abilities


You were on level 2 of the Dungeon.
You visited 1 branch of the dungeon, and saw 2 of its levels.

You collected 47 gold pieces.

Inventory:

Hand Weapons
 a - a +0 long sword (weapon)
Missiles
 c - 3 throwing nets (quivered)
 d - a javelin
Armour
 b - a +0 hat (worn)
Scrolls
 e - a scroll of enchant armour {unknown}
 h - a scroll of torment {unknown}
 k - a scroll of fog {unknown}
Potions
 f - a potion of curing {unknown}
 g - a potion of invisibility {unknown}
 i - a potion of brilliance {unknown}
 j - a potion of might {unknown}


   Skills:
 + Level 2.6 Fighting
 * Level 3.3 Long Blades
 - Level 2.0 Throwing
 + Level 2.9 Dodging


You had one spell level left.
You didn't know any spells.
Your spell library contained the following spells:

 Spells                   Type           Power      Damage    Failure   Level
 Animate Skeleton         Necr           0%         N/A       41%         1
 Apportation              Tloc           0%         N/A       41%         1
 Summon Small Mammal      Summ           0%         N/A       41%         1
 Stone Arrow              Conj/Erth      0%         3d7       78%         3
 Lehudib's Crystal Spear  Conj/Erth      0%         10d2      100%        8
 Animate Armour           Summ/Erth      Unusable   N/A       N/A         4

Dungeon Overview and Level Annotations

Branches:
Dungeon (2/15)

Altars:


Innate Abilities, Weirdness & Mutations

Your plain brown scales are hard. (AC +4)
You cannot fit into any form of body armour.
You are cold-blooded and may be slowed by cold attacks.


Message History

A gnoll comes into view. It is wielding a +0 whip.
A gnoll comes into view. It is wielding a +0 whip.
The gnoll shouts!
You hear a shout!
A gnoll comes into view. It is wielding a +0 halberd.
The gnoll shouts! x2
A bat comes into view.
You hit the bat.
The bat is severely wounded.
The bat hits you but does no damage. The bat barely misses you.
The bat closely misses you.
You hit the bat.
You kill the bat!
You barely miss the gnoll. The gnoll hits you with a +0 whip!
You barely miss the gnoll. The gnoll misses you. The gnoll closely misses you.
You hit the gnoll but do no damage.
The gnoll hits you from afar with a +0 halberd!
Ouch! That really hurt!
* * * LOW HITPOINT WARNING * * *
The gnoll closely misses you.
You are too injured to fight recklessly!
You are too injured to fight recklessly!
You are too injured to fight recklessly!
You are too injured to fight recklessly!
You are too injured to fight recklessly!
You are too injured to fight recklessly!
You are too injured to fight recklessly!
You are too injured to fight recklessly!
You are too injured to fight recklessly!
You are too injured to fight recklessly!
You are too injured to fight recklessly!
You are too injured to fight recklessly!
You are too injured to fight recklessly!
You are too injured to fight recklessly!
You are too injured to fight recklessly!
You are too injured to fight recklessly!
Unknown command.
The gnoll attacks as you move away! The gnoll hits you with a +0 whip.
* * * LOW HITPOINT WARNING * * *
The gnoll attacks as you move away! The gnoll hits you with a +0 whip!
You die...

# #### . ... # .. ##.
# .# .... #####.# #.#
###... ....<.###.##
#...
.#######...######.#
.# #...........# .#
#.....#...@.# .#
#.#.#.#..##g#
.######.#.#.#..##.#
............#..##g#.
.######..###......g..
.# #.># #...##.###
.######..# #...##.#
.........# #...##.#
######...# #...##.#


You could see 3 gnolls.

Vanquished Creatures
  A dart slug (D:1)
  A ball python (D:1)
  4 bats
  2 endoplasms (D:1)
  2 giant cockroaches (D:1)
  2 goblins (D:1)
  2 hobgoblins (D:1)
  5 rats
19 creatures vanquished.

Notes
Turn   | Place    | Note
-------+----------+-------------------------------------------
     0 | D:1      | KristoblXynda the Draconian Gladiator began the quest for
                  | the Orb.
     0 | D:1      | Reached XP level 1. HP: 17/17 MP: 1/1
   176 | D:1      | Found a faded altar of an unknown god.
   221 | D:1      | Reached XP level 2. HP: 25/25 MP: 2/2
   935 | D:2      | HP: 1/25 [gnoll/+0 whip (4)]
   936 | D:2      | Mangled by a gnoll

Illustrated notes

Levels and vault maps discovered:
D:1:      minmay_arrival_loop, layout_basic, ebering_ecumenical_altar_webs
D:2:      layout_loops_ring, uniq_natasha

Skill      XL: |  1 |
---------------+----+-----
Throwing       | 2 |  2.0
Fighting       | |  2.6
Long Blades    | |  3.3
Dodging        | |  2.9

Action                   || total
-------------------------++-------
Melee: Long sword        ||    54
       Tailslap          ||     5
Armor: Skin              ||    22
Dodge: Dodged            ||    37

Table legend: (Time is in decaauts)
 A = Elapsed time spent in this place.
 B = Non-inter-level travel time spent in this place.
 C = Inter-level travel time spent in this place.
 D = Time resting spent in this place.
 E = Time spent auto-exploring this place.
 F = Levels seen in this place.
 G = Mean time per level.
                   A        B        C        D        E       F      G
               +--------+--------+--------+--------+--------+-----+--------+
         Total |    949 |    926 |     23 |      0 |    780 |   2 |  474.5 |
       Dungeon |    949 |    926 |     23 |      0 |    780 |   2 |  474.5 |
               +--------+--------+--------+--------+--------+-----+--------+

Top non-repeatable levels by time:
     D:1: 895 daAuts
     D:2: 54 daAuts
